 Dungeon Crawl Stone Soup version 0.20-a0-629-gc37eb77 (webtiles) character file.

6721 nikopol the Cleaver (level 10, -2/90 HPs)
             Began as a Minotaur Berserker on Feb 10, 2017.
             Was an Elder of Trog.
             Slain by a killer bee (4 damage)
             ... on level 8 of the Dungeon.
             The game lasted 00:17:47 (7243 turns).

nikopol the Cleaver (Minotaur Berserker)            Turns: 7243, Time: 00:17:48

Health: -2/90      AC: 11    Str: 22    XL:     10   Next: 74%
Magic:  9/9        EV: 14    Int:  4    God:    Trog [****..]
Gold:   152        SH:  0    Dex: 13    Spells: 9/9 levels left

rFire    . . .     SeeInvis +   a - +2 hand axe (chop)
rCold    . . .     Gourm    .   w - +0 scale mail
rNeg     . . .     Faith    .   (no shield)
rPois    +         Spirit   .   (helmet restricted)
rElec    .         Reflect  .   H - +0 cloak {MR+}
rCorr    .         Harm     .   E - +0 pair of gloves
MR       +++..                  (no boots)
Stlth    ..........             I - amulet of regeneration
Regen    1.7/turn               D - ring of poison resistance
                                r - ring of see invisible

@: lethally poisoned (-2 -> -2), exhausted, regenerating, slowed, very slow
A: retaliatory headbutt, horns 2
a: Berserk, Trog's Hand, Brothers in Arms, Burn Spellbooks, Renounce Religion


You were on level 8 of the Dungeon.
You worshipped Trog.
Trog was greatly pleased with you.
You were near starving.

You visited 1 branch of the dungeon, and saw 8 of its levels.

You collected 384 gold pieces.
You spent 232 gold pieces at shops.

Inventory:

Hand Weapons
 a - a +2 hand axe of chopping (weapon)
 z - a +0 shortbow
Missiles
 y - 137 arrows (quivered)
Armour
 w - a +0 scale mail (worn)
 E - a +0 pair of gloves (worn)
 H - a +0 cloak of magic resistance (worn)
Jewellery
 r - a ring of see invisible (left hand)
 D - a ring of poison resistance (right hand)
 G - an uncursed ring of ice {unknown}
 I - an amulet of regeneration (around neck)
Wands
 A - a wand of paralysis (9/24)
Scrolls
 d - a scroll of immolation {unknown}
 j - 2 scrolls of magic mapping {unknown}
 k - a scroll of random uselessness {unknown}
 m - 5 scrolls of teleportation {unknown}
 n - a scroll of enchant armour {unknown}
 p - 2 scrolls of fear {unknown}
 q - a scroll of blinking {unknown}
 t - 10 scrolls of identify
 u - a scroll of amnesia {unknown}
 v - 2 scrolls of enchant weapon {unknown}
 C - 2 scrolls of recharging {unknown}
Potions
 e - a potion of lignification {unknown}
 f - 2 potions of ambrosia {unknown}
 g - 5 potions of agility
 i - 2 potions of degeneration {unknown}
 l - 5 potions of heal wounds {unknown}
 o - 5 potions of might {unknown}
 s - 2 potions of flight {unknown}
 x - a potion of brilliance {unknown}
 F - 2 potions of curing {unknown}
Comestibles
 b - 3 chunks of flesh
 c - 5 bread rations
 h - 4 royal jellies
 B - 2 meat rations


   Skills:
 + Level 8.9 Fighting
 * Level 11.0 Axes
 * Level 8.2 Bows
 + Level 8.7 Armour
 + Level 7.7 Dodging


You had 9 spell levels left.
You didn't know any spells.

Dungeon Overview and Level Annotations

Branches:
Dungeon (8/15)             Temple (0/1) D:5
   Lair: D:8-11

Altars:
Cheibriados
Elyvilon
Gozag
Sif Muna
Trog
Vehumet
Xom
Yredelemnul
Zin
The Shining One

Shops:
D:6 [


Innate Abilities, Weirdness & Mutations

You reflexively headbutt those who attack you in melee.
You have a pair of horns on your head.


Message History

Your black bear goes berserk!
You are near starving!
You feel sick. The killer bee closely misses you.
The killer bee stings you but does no damage.
The killer bee closely misses you. You furiously retaliate!
You headbutt the killer bee, but do no damage.
The killer bee stings you but does no damage.
The killer bee misses you. You furiously retaliate!
You headbutt the killer bee. The killer bee barely misses you.
You furiously retaliate!
You headbutt the killer bee!
You kill the killer bee!
Trog accepts your kill. The killer bee stings you.
* * * LOW HITPOINT WARNING * * *
You are more poisoned.
The killer bee poisons you! The killer bee closely misses you.
The killer bee misses you. You furiously retaliate!
You headbutt the killer bee, but do no damage.
The killer bee stings you.
You die...

.P..####................#
≈P..# #.....###........#
.≈.)# #.....# #........#
###.# #.....# #........#
..#.# #.....# #........#
....# ###'### #........#
....# #.#####y.......#
....# #....##yyy.....#
....# #....hy@y...†.##
....# ##...########(#
....# #...# #...(y.#
....# #...# #.yyy..#
....# ##### #...(....
....# #.....(..# #####
#.....(### #.......
###### ####+.##.


You could see 6 killer bees and a friendly black bear (berserk).

Vanquished Creatures
  Erica (D:8)
  2 two-headed ogres
  A queen bee (D:8)
  3 hippogriffs
  A wyvern (D:7)
  A steam dragon (D:8)
  6 orc warriors
  2 phantoms
  A sky beast (D:7)
  2 ogres (D:6)
  3 centaurs
  5 bullfrogs
  2 scorpions
  4 wights (D:7)
  17 killer bees (D:8)
  A howler monkey (D:7)
  3 crimson imps
  4 hounds
  3 orc priests
  Crazy Yiuf (D:4)
  11 orc wizards
  A jelly (D:6)
  3 iguanas
  4 worker ants
  A hound zombie (D:6)
  2 worker ant zombies (D:5)
  14 adders
  An ooze (D:2)
  3 adder skeletons
  An adder zombie (D:5)
  4 worms
  5 dart slugs
  6 leopard geckos
  34 orcs
  2 ball pythons
  2 giant cockroaches
  9 goblins
  5 hobgoblins
  6 jackals
  7 kobolds
  3 quokkas
  2 bats
  4 frilled lizards
  A quokka zombie (D:7)
  5 rats
  2 fungi (D:8)
201 creatures vanquished.

Vanquished Creatures (collateral kills)
  A killer bee (D:8)
1 creature vanquished.

Grand Total: 202 creatures vanquished

Notes
Turn   | Place    | Note
-------+----------+-------------------------------------------
     0 | D:1      | nikopol the Minotaur Berserker began the quest for the Orb.
     0 | D:1      | Reached XP level 1. HP: 19/19 MP: 0/0
    66 | D:1      | Reached XP level 2. HP: 18/27 MP: 1/1
   217 | D:1      | Reached skill level 4 in Axes
   755 | D:2      | Reached XP level 3. HP: 31/33 MP: 2/2
   822 | D:2      | Reached ** piety under Trog
   827 | D:2      | Found an opulent altar of Gozag.
   991 | D:2      | Found a radiant altar of Vehumet.
   991 | D:2      | Found a snail-covered altar of Cheibriados.
   996 | D:2      | Found a white marble altar of Elyvilon.
   998 | D:2      | Found a bloodstained altar of Trog.
  1000 | D:2      | Found a basalt altar of Yredelemnul.
  1072 | D:2      | Reached XP level 4. HP: 40/40 MP: 3/3
  1691 | D:3      | Reached XP level 5. HP: 43/47 MP: 4/4
  1816 | D:3      | Reached skill level 5 in Axes
  1817 | D:3      | Reached *** piety under Trog
  1820 | D:3      | Reached XP level 6. HP: 55/55 MP: 5/5
  2031 | D:3      | Found a shimmering altar of Xom.
  2166 | D:4      | Noticed an orc warrior
  2175 | D:4      | Killed an orc warrior
  2175 | D:4      | Reached skill level 5 in Fighting
  2175 | D:4      | Reached skill level 5 in Armour
  2547 | D:4      | Found a runed door.
  2551 | D:4      | Noticed Crazy Yiuf
  2565 | D:4      | Killed Crazy Yiuf
  2930 | D:4      | Found a deep blue altar of Sif Muna.
  3038 | D:4      | Reached XP level 7. HP: 36/61 MP: 6/6
  3540 | D:5      | Entered Level 5 of the Dungeon
  3593 | D:5      | Reached skill level 6 in Axes
  3630 | D:5      | Found a glowing golden altar of the Shining One.
  3632 | D:5      | Found a glowing silver altar of Zin.
  3899 | D:5      | Found a deep blue altar of Sif Muna.
  4090 | D:5      | Found a staircase to the Ecumenical Temple.
  4094 | D:5      | Reached skill level 1 in Bows
  4094 | D:5      | Reached skill level 5 in Dodging
  4258 | D:6      | Reached XP level 8. HP: 68/70 MP: 7/7
  4272 | D:6      | Noticed a two-headed ogre
  4275 | D:6      | Reached **** piety under Trog
  4275 | D:6      | Reached skill level 7 in Axes
  4281 | D:6      | Killed a two-headed ogre
  4281 | D:6      | Reached skill level 8 in Axes
  4543 | D:6      | Found Hehoosi's Antique Armour Shoppe.
  4572 | D:6      | Bought an embroidered cloak for 232 gold pieces
  4608 | D:6      | Received a gift from Trog
  4689 | D:6      | Reached XP level 9. HP: 79/79 MP: 8/8
  4911 | D:6      | Found a deep blue altar of Sif Muna.
  5092 | D:7      | Reached skill level 5 in Bows
  5407 | D:7      | Reached skill level 9 in Axes
  6154 | D:8      | Noticed a two-headed ogre
  6164 | D:8      | Killed a two-headed ogre
  6164 | D:8      | Reached XP level 10. HP: 48/88 MP: 9/9
  6166 | D:8      | Noticed Erica
  6268 | D:8      | Killed Erica
  6268 | D:8      | Reached skill level 10 in Axes
  7227 | D:8      | Reached ***** piety under Trog
  7227 | D:8      | Reached skill level 11 in Axes
  7243 | D:8      | HP: 2/90 [killer bee (6)]
  7243 | D:8      | Slain by a killer bee

Vault maps used:
D:1:      scummos_arrival_simple_fountains, serial_park_tiny_2, kennysheep_boxes
D:2:      chequers_temple_overflow_minitemple,
          nicolae_gozag_cash_rules_everything_around_me
D:3:      lemuel_doored_altar
D:4:      first_bread, hangedman_decor_points, led_sif_pool,
          uniq_crazy_yiuf_cottage
D:5:      nicolae_overflow_crystal_walls, gammafunk_temple_overflow_pools,
          temple_green
D:6:      basic_altar, serial_shops, shop_statue
D:7:      minmay_opposing_rooms
D:8:      kennysheep_steamy, david_nohive_1, uniq_erica

Skill      XL: |  1  2  3  4  5  6  7  8  9 10 |
---------------+-------------------------------+-----
Axes           | 4 5 6 8 9 11 | 11.0
Fighting       | 4 5 6 7 8 |  8.9
Armour         | 3 4 5 6 7 8 |  8.7
Dodging        | 3 4 5 7 |  7.7
Bows           | 1 4 6 8 |  8.2

Action                   |  1- 3 |  4- 6 |  7- 9 | 10-12 || total
-------------------------+-------+-------+-------+-------++-------
Melee: Hand axe          |    82 |    93 |   185 |   101 ||   461
       Headbutt          |    10 |    20 |    40 |    24 ||    94
 Fire: Shortbow          |       |       |   125 |    53 ||   178
Invok: Berserk           |       |     3 |     3 |     1 ||     7
       Brothers in Arms  |       |       |       |     2 ||     2
       Trog's Hand       |       |       |       |     1 ||     1
  Use: Scroll            |       |       |     1 |       ||     1
  Eat: Chunk             |     1 |     9 |    12 |     4 ||    26
Armor: Leather armour    |     2 |       |       |       ||     2
       Ring mail         |    16 |    21 |       |       ||    37
       Scale mail        |       |     7 |    55 |    48 ||   110
Dodge: Dodged            |    42 |    57 |   122 |    97 ||   318
